 Dungeon Crawl Stone Soup version 0.24-a0-181-gd121a6d (console) character file.

Game seed: 15480344428947353923

158 Duffy the Insei (level 5, 12/33 HPs)
             Began as an Octopode Transmuter on Mar 14, 2019.
             Quit the game in a sewer.
             The game lasted 00:02:45 (2804 turns).

Duffy the Insei (Octopode Transmuter)               Turns: 2804, Time: 00:02:47

Health: 12/33      AC:  1    Str:  7    XL:     5   Next: 39%
Magic:  9/9        EV: 13    Int: 16    God:
Gold:   118        SH:  0    Dex: 15    Spells: 4/10 levels left

rFire    . . .     SeeInvis .     - Unarmed
rCold    . . .     Gourm    .   (no shield)
rNeg     . . .     Faith    .   (helmet restricted)
rPois    .         Spirit   .   (no amulet)
rElec    .         Reflect  .   m - ring of protection from magic
rCorr    .         Harm     .   (no ring)
MR       +....                  (no ring)
Stlth    +++.......             (no ring)
HPRegen  0.11/turn              (no ring)
MPRegen  0.11/turn              (no ring)
                                (no ring)
                                (no ring)

@: no status effects
A: almost no armour, stealthy swim, amphibious, 8 rings, constrict 8, beak,
camouflage 1, agile 1, sense surroundings 1, weak 1, gelatinous body 1
a: no special abilities


You were in a sewer.
You were not hungry.

You visited 1 branch of the dungeon, and saw 3 of its levels.
You also visited: Sewer.

You collected 118 gold pieces.

Inventory:

Missiles
 a - 12 arrows
Jewellery
 m - a ring of protection from magic (left tentacle)
Scrolls
 b - a scroll of amnesia {unknown}
 f - 3 scrolls of fog {unknown}
 g - 4 scrolls of identify {unknown}
 h - a scroll of remove curse {unknown}
 j - 2 scrolls of teleportation {unknown}
Potions
 l - a potion of brilliance
Comestibles
 c - 4 rations
 i - a chunk of flesh


   Skills:
 - Level 1.0 Fighting
 - Level 2.0 Dodging
 + Level 4.1 Unarmed Combat
 + Level 3.1 Spellcasting
 - Level 3.0 Transmutations
 + Level 2.2 Poison Magic


You had 4 spell levels left.
You knew the following spells:

 Your Spells              Type           Power        Failure   Level  Hunger
h - Spider Form           Tmut/Pois      ##........   19%         3    ###....
j - Sticks to Snakes      Tmut           ##......     9%          2    ##.....
k - Beastly Appendage     Tmut           ##....       5%          1    None

Your spell library contained the following spells:

 Spells                   Type           Power        Failure   Level  Hunger
 Magic Dart               Conj           #...         19%         1    None
 Blink                    Tloc           N/A          28%         2    ##.....
 Call Imp                 Summ           #.......     28%         2    ##.....
 Slow                     Hex            #.......     28%         2    ##.....
 Mephitic Cloud           Conj/Pois/Air  #.......     38%         3    ###....
 Conjure Flame            Conj/Fire      #.......     50%         3    ###....
 Ice Form                 Ice/Tmut       #.......     69%         4    ####...
 Blade Hands              Tmut           ##........   83%         5    ######.


Dungeon Overview and Level Annotations

Branches:
Dungeon (3/15)

Altars:


Innate Abilities, Weirdness & Mutations

You cannot wear most types of armour.
You are very stealthy in the water. (Stealth+)
You are amphibious.
You can wear up to eight rings at the same time.
You can use your tentacles to constrict eight enemies at once.
Your skin changes colour to match your surroundings (Stealth+).
Your rubbery body absorbs attacks. (AC +1, EV +1)
You have a beak for a mouth.
You are agile. (Dex +2)
You passively map a small area around you.
You are weak. (Str -2)


Message History

a frilled lizard corpse x2; an adder corpse You feel sick.
You feel sick.
Eating one of 2 chunks of flesh.
You eat one of the 2 chunks of flesh.
This raw flesh tastes terrible.
You feel sick.
You feel sick.
You feel sick.
You feel sick.
You are no longer poisoned.
A giant cockroach comes into view.
Okay, then.
Really quaff the potion of mutation?
You feel extremely strange.
You feel weaker.
You no longer feel cold resistant.
Your mouth lengthens and hardens into a beak!
You feel a strange attunement to the structure of the dungeons.
You feel weaker.
You feel agile.
Autopickup is now off.
Are you sure you want to abandon this character and quit the game? (Confirm with "yes".)

### #~# #@# #~# #~#
#%#
###%#################
#..~.~.~~.~~~.....~~.
#.~~~~~~~~~~~~~~~~~~~
#.~~~~~~~~~~~~~~~~~~~
#.~%~~~~~~l~~~~~~~~~~


There were no monsters in sight!

Vanquished Creatures
  Natasha (thrice) (D:2)
  3 adders
  A worm (D:3)
  2 dart slugs
  2 leopard geckos
  An orc (D:3)
  5 giant cockroaches
  5 goblins
  5 hobgoblins
  4 jackals
  2 kobolds
  A quokka (D:2)
  3 ball pythons
  2 bats (D:2)
  8 frilled lizards
  3 rats
50 creatures vanquished.

Notes
Turn   | Place    | Note
-------+----------+-------------------------------------------
     0 | D:1      | Duffy the Octopode Transmuter began the quest for the Orb.
     0 | D:1      | Reached XP level 1. HP: 13/13 MP: 3/3
   449 | D:1      | Reached XP level 2. HP: 12/18 MP: 5/5
   747 | D:1      | Learned a level 2 spell: Sticks to Snakes
  1176 | D:2      | Reached XP level 3. HP: 19/23 MP: 6/6
  1181 | D:2      | Learned a level 3 spell: Spider Form
  1254 | D:2      | Noticed Natasha
  1274 | D:2      | Killed Natasha
  1371 | D:2      | Reached skill level 1 in Poison Magic
  1557 | D:2      | Reached XP level 4. HP: 26/28 MP: 7/7
  2010 | D:2      | Noticed Natasha
  2020 | D:2      | Killed Natasha
  2201 | D:2      | Noticed Natasha
  2210 | D:2      | Killed Natasha
  2210 | D:2      | Reached XP level 5. HP: 22/33 MP: 5/9
  2548 | D:3      | Found a glowing drain.
  2568 | D:3      | Reached skill level 4 in Unarmed Combat
  2585 | Sewer    | Entered a sewer
  2689 | Sewer    | Gained mutation: Your flesh is cold resistant. (rC+)
                  | [potion of mutation]
  2689 | Sewer    | Gained mutation: Your muscles are strong. (Str +2) [potion
                  | of mutation]
  2803 | Sewer    | Lost mutation: Your muscles are strong. (Str +2) [potion of
                  | mutation]
  2803 | Sewer    | Lost mutation: Your flesh is cold resistant. (rC+) [potion
                  | of mutation]
  2803 | Sewer    | Gained mutation: You have a beak for a mouth. [potion of
                  | mutation]
  2803 | Sewer    | Gained mutation: You passively map a small area around you.
                  | [potion of mutation]
  2803 | Sewer    | Gained mutation: You are weak. (Str -2) [potion of
                  | mutation]
  2803 | Sewer    | Gained mutation: You are agile. (Dex +2) [potion of
                  | mutation]
  2804 | Sewer    | Quit the game

Levels and vault maps discovered:
D:1:      shiori_arrival_elements, layout_basic, palyth_stone_intersect
D:2:      layout_loops_cross, minmay_split_cup_small, uniq_natasha
D:3:      layout_basic, cheibrodos_sewer_entry_drain, serial_glass,
          glass_columns_c, glass_columns_a, due_unseen_surprise
Sewer:    sewer_frog_island_01

Skill      XL: |  1  2  3  4  5 |
---------------+----------------+-----
Poison Magic   | 1 2 |  2.2
Transmutations | 3 |  3.0
Spellcasting   | 3 |  3.1
Unarmed Combat | 4 |  4.1
Fighting       | |  1.0
Dodging        | |  2.0

Action                   |  1- 3 |  4- 6 || total
-------------------------+-------+-------++-------
Melee: Unarmed           |    55 |    90 ||   145
       Constrict         |     9 |     7 ||    16
       Tentacles         |     6 |     7 ||    13
 Cast: Spider Form       |     3 |     5 ||     8
       Beastly Appendage |     2 |       ||     2
  Use: Potion            |       |     5 ||     5
 Stab: Sleeping          |     6 |     2 ||     8
  Eat: Chunk             |     2 |     5 ||     7
Armor: Skin              |     6 |     5 ||    11
Dodge: Dodged            |    27 |    78 ||   105

Table legend:
 A = Non-vault XP
 B = Vault XP
 C = Vault XP percentage of total XP
 D = Non-vault monster count
 E = Vault monster count
 F = Vault count percentage of total count
                 A         B        C        D         E       F
            +---------+---------+-------+---------+---------+-------
      Total |     147 |      79 |  35.0 |      32 |      18 |  36.0
            +---------+---------+-------+---------+---------+-------
        D:1 |      15 |       0 |   0.0 |       7 |       0 |   0.0
        D:2 |     116 |      43 |  27.0 |      18 |       4 |  18.2
        D:3 |      16 |      10 |  38.5 |       7 |       4 |  36.4
      Sewer |       0 |      26 | 100.0 |       0 |      10 | 100.0
            +---------+---------+-------+---------+---------+-------
